Map: [ESL] Data-C

Players

Cham

  • Race: Zerg Zerg
  • Spawn Location: 9:00

Serral - Winner!

  • Race: Zerg Zerg
  • Spawn Location: 3:00

Event: HomeStory Cup XXII

VOD

Have the link to the VOD?

Description

Time

  • Played on: Dec. 15, 2022, 11:12 a.m.
  • Length: 4:14

All games in this series

Show
View Real Time Build Order
Export as new Build Order

Cham Zerg 

Build Orders: Pool First 

Get SALT Encoding   

  12  0:00  Drone  
  13  0:26  Spawning Pool  
  12  0:33  Extractor  
  11  0:51  Hatchery  
  10  1:12  Zergling x6  
  13  1:33  Metabolic Boost  
  13  1:42  Overlord  
  13  1:46  Zergling x2  
  14  2:05  Zergling x2  
  17  2:11  Zergling x2  
  18  2:16  Zergling x2  
  18  2:22  Zergling x2  
  20  2:27  Zergling x4  
  20  2:28  Zergling x2  
  21  2:33  Zergling x2  
  21  2:35  Zergling x2  
  23  2:44  Zergling x2  
  23  2:51  Zergling x2  
  25  2:57  Zergling x2  
  26  3:05  Zergling x4  
  26  3:11  Zergling x2  
  25  3:17  Zergling x2  
  25  3:19  Zergling x2  
  25  3:27  Zergling x2  
  21  3:30  Zergling x2  
  21  3:40  Zergling x4  
  23  3:50  Zergling x2  
Show
View Real Time Build Order
Export as new Build Order

Serral Zerg - Winner!

Build Orders: Hatch First 

Get SALT Encoding   

  12  0:00  Drone  
  13  0:12  Overlord  
  13  0:16  Drone  
  14  0:30  Drone x2  
  16  0:48  Hatchery  
  15  0:51  Drone  
  15  0:55  Drone  
  17  0:58  Drone  
  18  1:09  Extractor  
  17  1:14  Spawning Pool  
  17  1:17  Drone  
  17  1:20  Drone  
  18  1:27  Drone  
  19  1:38  Drone  
  20  2:01  Zergling x4  
  20  2:02  Queen x2  
  20  2:04  Overlord  
  26  2:10  Drone  
  26  2:11  Drone  
  26  2:12  Metabolic Boost  
  28  2:23  Drone  
  28  2:24  Drone  
  30  2:33  Zergling x2  
  30  2:34  Drone  
  32  2:42  Hatchery  
  31  2:46  Baneling Nest  
  31  2:48  Drone  
  31  2:58  Zergling x2  
  31  2:59  Zergling x4  
  31  3:05  Zergling x4  
  34  3:11  Queen  
  34  3:12  Spine Crawler  
  34  3:13  Zergling x4  
  34  3:18  Zergling x2  
  35  3:23  Zergling x2  
  26  3:32  Baneling x2  
  23  3:34  Zergling x2  
  23  3:39  Zergling x2  
  25  3:47  Zergling x2  
  25  3:48  Zergling x2  
  25  3:50  Baneling  
  25  3:55  Zergling x2  
Tags
 
Add a new tag
Caveats
  • Supply blocks, unpowered buildings, or Contaminate may cause inaccurate times.
  • Supply counts are checked every 10 seconds.